 Dungeon Crawl Stone Soup version 0.20.0-10-g0535bb4 (webtiles) character file.

84795 grindst0ne the Severer (level 15, -2/92 HPs)
             Began as a Gargoyle Fighter on June 7, 2017.
             Was the Champion of Okawaru.
             Killed by divine providence
             ... invoked by a meliai
              (10 damage)
             ... on level 15 of the Dungeon.
             The game lasted 01:11:46 (24853 turns).

grindst0ne the Severer (Gargoyle Fighter)          Turns: 24853, Time: 01:11:47

Health: -2/92      AC: 36    Str: 20    XL:     15   Next: 81%
Magic:  0/19       EV: 13    Int: 10    God:    Okawaru [******]
Gold:   1547       SH:  0    Dex: 17    Spells: 14/14 levels left

rFire    . . .     SeeInvis .   C - +2 battleaxe (chop)
rCold    . . .     Gourm    .   (shield currently unavailable)
rNeg     + . .     Faith    +   e - +0 plate armour
rPois    ∞         Spirit   +   I - +2 helmet
rElec    +         Reflect  .   y - scarf {Spirit}
rCorr    +         Harm     .   b - +0 pair of gloves {Dex+3}
MR       +....                  (no boots)
Stlth    ..........             G - amulet of faith
Regen    0.3/turn               a - +3 ring of evasion
MPRegen  0.2/turn               B - ring of resist corrosion

@: heroism, flying
A: big wings, negative energy resistance 1, electricity resistance, unbreathing,
petrification resistance, rot immunity, AC +11
a: Stop Flying, Heroism, Finesse, Renounce Religion


You were on level 15 of the Dungeon.
You worshipped Okawaru.
Okawaru was exalted by your worship.
You were very hungry.

You visited 2 branches of the dungeon, and saw 21 of its levels.
You also visited: Bailey and Volcano.

You collected 1547 gold pieces.

Inventory:

Hand Weapons
 C - a +2 battleaxe of chopping (weapon)
 M - a +0 great mace of flaming
Missiles
 E - 5 javelins (quivered)
Armour
 b - a +0 pair of gloves of dexterity (worn)
 e - a +0 plate armour (worn)
 k - a +0 chain mail of fire resistance
 n - a +1 pair of gloves of strength
 y - a scarf of spirit shield (worn)
 I - a +2 helmet (worn)
Jewellery
 a - a +3 ring of evasion (left hand)
 g - an uncursed ring of positive energy
 r - an uncursed amulet of the gourmand {unknown}
 u - an uncursed amulet of regeneration {unknown}
 B - a ring of resist corrosion (right hand)
 G - an amulet of faith (around neck)
 P - a +4 amulet of reflection {unknown}
Wands
 h - a wand of confusion (34/48)
 w - a wand of enslavement (4/24)
 z - a wand of flame (0/48)
 K - a wand of confusion (18/48)
 L - a wand of disintegration (0/24)
 T - a wand of iceblast (0/15)
 U - a wand of digging (8/24)
 V - a wand of acid (6/15)
 W - a wand of confusion (33/48)
 X - a wand of iceblast (0/15)
 Y - a wand of paralysis (16/24)
Scrolls
 i - 4 scrolls of enchant armour
 o - 6 scrolls of teleportation
 q - 2 scrolls of amnesia
 s - 14 scrolls of remove curse
 v - 7 scrolls of enchant weapon
 x - 2 scrolls of blinking
 O - 2 scrolls of holy word {unknown}
 Q - 4 scrolls of fear
 Z - a scroll of fog
Potions
 c - a potion of cancellation
 j - 2 potions of mutation
 l - 4 potions of flight
 m - a potion of agility
 t - a potion of lignification
 A - 4 potions of haste
 F - 3 potions of magic
 R - a potion of invisibility
 S - 4 potions of berserk rage
Comestibles
 f - 9 bread rations
 p - 12 meat rations
 D - 44 royal jellies
 H - 11 fruits


   Skills:
 - Level 10.0(15.0) Fighting
 - Level 18.0(23.0) Axes
 + Level 15.3(20.3) Armour
   Level 3.2(8.2) Shields
 - Level 6.2 Invocations
 - Level 5.0 Evocations


You had 14 spell levels left.
You didn't know any spells.

Dungeon Overview and Level Annotations

Branches:
Dungeon (15/15)            Temple (0/1) D:4            Lair (6/6) D:9
 Shoals (0/4) Lair:2        Snake (0/4) Lair:4        Slime (0/5) Lair:6
    Orc (0/2) D:9          Vaults (0/5) D:13
 Depths: D:15

Altars:
Cheibriados
Dithmenos
Fedhas
Hepliaklqana
Nemelex Xobeh
Okawaru
Qazlal
Trog
Uskayaw
Xom
The Shining One

Shops:
D:13 [   D:14 [%}%


Innate Abilities, Weirdness & Mutations

You are resistant to torment.
Your stone body is resilient. (AC +11)
You are immune to poison.
Your large and strong wings let you fly indefinitely.
You resist negative energy. (rN+)
You are resistant to electric shocks. (rElec)
You can survive without breathing.
You are immune to petrification.
You are immune to rotting.


Message History

The meliai invokes the aid of its god against you.
Something smites you!
You barely miss something.
The meliai calls down the wrath of its god upon you.
Something smites you! Something hits you but does no damage.
You miss something.
The meliai calls down the wrath of its god upon you.
Something smites you!
Two slime creatures merge to form a very large slime creature.
Something hits you but does no damage.
The meliai invokes the aid of its god against you.
Something smites you!
* * * LOW HITPOINT WARNING * * *
Two slime creatures merge to form an enormous slime creature.
The meliai calls down the wrath of its god upon you.
Something smites you!
* * * LOW HITPOINT WARNING * * *
The meliai calls down the wrath of its god upon you.
Something smites you!
You die... #Z...## ### #<.... ##.### #.oy# ##### #.... #oJo#

....####.######## ##o.#
###.#...........# ##y#.#
###.#.##.#..###[###.###..
..#.#.##.#..###.##.## #.#
#........#..#...@.## #..
###.#.####..#.#.##.# .#.
...#... ...#.#.# #.# # #
##########... ..# #.#
####.### #.. .( #.# ## .#
.


You could see an orc knight, an enormous slime creature, 2 meliai and an orc
priest.

Vanquished Creatures
  Rupert (D:14)
  Gastronok (Lair:1)
  The ghost of stickyfingers the Brawler, a journeyman TrAE of Ru (Volcano)
  Josephine (D:10)
  Erolcha (D:13)
  A fire dragon (Lair:6)
  Snorg (Lair:5)
  Fannar (Lair:3)
  3 hydras
  A vault guard (D:13)
  2 centaur warriors (D:14)
  A death knight (D:14)
  17 two-headed ogres
  An ogre mage (Volcano)
  A death yak (Lair:5)
  A hell knight (Volcano)
  The ghost of Aalglatt the Grappler, a novice TrMo (Lair:1)
  Sonja (Lair:1)
  4 skeletal warriors (D:14)
  A fire crab (Lair:6)
  A swamp dragon (Lair:6)
  An unseen horror (D:14)
  9 ugly things
  A manticore (D:14)
  An oklob plant (Lair:1)
  A salamander (shapeshifter) (D:13)
  2 cyclopes (D:14)
  4 black mambas
  3 gargoyles
  6 elephants (Lair:2)
  Maurice (D:8)
  11 spiny frogs
  Joseph (D:8)
  A torpor snail (Lair:6)
  5 rime drakes
  A kobold demonologist (D:11)
  5 komodo dragons
  A queen bee (Lair:1)
  2 trolls
  11 polar bears
  Prince Ribbit (D:9)
  A hornet (D:10)
  5 slime creatures
  14 blink frogs
  4 dream sheep (Lair:6)
  2 raiju (Lair:6)
  10 hippogriffs
  A centaur simulacrum (D:15)
  2 wyverns
  5 wraiths (D:10)
  A vampire (D:11)
  58 yaks
  2 steam dragons (Lair:6)
  3 basilisks (Lair:6)
  A hungry ghost (D:11)
  3 vampire mosquitoes (D:12)
  6 wargs (Lair:6)
  4 acid dragons
  14 water moccasins
  8 porcupines
  13 hell hounds (Lair:6)
  5 sky beasts
  14 orc warriors
  16 black bears
  A swamp drake (Lair:6)
  4 ice beasts
  A phantom (D:9)
  An eye of draining (D:14)
  11 centaurs
  22 wolves
  4 ogres
  11 crocodiles
  4 big kobolds
  18 bullfrogs
  2 scorpions
  28 killer bees
  11 wights
  A howler monkey (D:3)
  An electric eel (Lair:5)
  5 bullfrog zombies
  6 crimson imps
  3 quasits
  2 centaur zombies
  6 hounds
  9 jellies
  13 orc wizards
  2 bullfrog skeletons
  10 orc priests
  A centaur skeleton (D:10)
  Jessica (D:2)
  7 iguanas
  6 worker ants
  2 hound skeletons
  Robin (D:3)
  10 gnolls
  A howler monkey skeleton (D:11)
  12 adders
  6 shadow imps
  7 oozes
  2 adder skeletons
  2 dart slugs
  4 leopard geckos
  75 orcs
  2 ball pythons
  6 bats
  5 giant cockroaches
  37 goblins
  20 hobgoblins
  4 jackals
  2 quokkas
  5 frilled lizards
  19 kobolds
  A quokka skeleton (D:4)
  7 rats
  3 bushes (Lair:1)
  3 fungi
  2 plants (Lair:2)
732 creatures vanquished.

Vanquished Creatures (others)
  A two-headed ogre (Volcano)
  2 orcs
  A bush (Lair:6)
  7 fungi
  17 plants
28 creatures vanquished.

Grand Total: 760 creatures vanquished

Notes
Turn   | Place    | Note
-------+----------+-------------------------------------------
     0 | D:1      | grindst0ne the Gargoyle Fighter began the quest for the Orb.
     0 | D:1      | Reached XP level 1. HP: 14/14 MP: 1/1
    59 | D:1      | Reached skill level 2 in Axes
   166 | D:1      | Reached XP level 2. HP: 19/19 MP: 2/2
   543 | D:1      | Reached skill level 3 in Axes
   776 | D:2      | Reached XP level 3. HP: 23/23 MP: 3/3
   961 | D:2      | Noticed Jessica
   971 | D:2      | Killed Jessica
   971 | D:2      | Reached XP level 4. HP: 27/28 MP: 4/4
   988 | D:2      | Reached skill level 4 in Axes
  1004 | D:2      | Noticed a fire elemental
  1006 | D:2      | Found a stormy altar of Qazlal.
  1007 | D:2      | Noticed an air elemental
  1007 | D:2      | Noticed an earth elemental
  1007 | D:2      | Noticed a water elemental
  1662 | D:3      | Reached XP level 5. HP: 28/32 MP: 5/5
  1690 | D:3      | Noticed Robin
  1699 | D:3      | Reached skill level 5 in Axes
  1737 | D:3      | Killed Robin
  2161 | D:3      | Found an iron altar of Okawaru.
  2170 | D:3      | Became a worshipper of Warmaster Okawaru
  2384 | D:4      | Reached XP level 6. HP: 37/37 MP: 6/6
  2401 | D:4      | Found a staircase to the Ecumenical Temple.
  2472 | D:4      | Reached skill level 6 in Axes
  2698 | D:4      | Reached XP level 7. HP: 10/41 MP: 2/7
  3409 | D:4      | Reached skill level 7 in Axes
  3551 | D:5      | Entered Level 5 of the Dungeon
  3760 | D:5      | Found a snail-covered altar of Cheibriados.
  3973 | D:5      | Reached * piety under Okawaru
  3973 | D:5      | Reached skill level 5 in Fighting
  4111 | D:5      | Reached XP level 8. HP: 37/51 MP: 8/8
  4134 | D:5      | Found a sparkling altar of Nemelex Xobeh.
  4137 | D:5      | Found a blossoming altar of Fedhas.
  4143 | D:5      | Found a bloodstained altar of Trog.
  4256 | D:5      | Reached ** piety under Okawaru
  4457 | D:6      | Found a shadowy altar of Dithmenos.
  4659 | D:6      | Found a glowing golden altar of the Shining One.
  5237 | D:6      | Found a hide-covered altar of Uskayaw.
  5269 | D:6      | Reached XP level 9. HP: 61/61 MP: 9/9
  5279 | D:6      | Reached *** piety under Okawaru
  5332 | D:6      | Reached skill level 10 in Fighting
  5559 | D:7      | Reached skill level 5 in Armour
  5648 | D:7      | Found a flagged portal.
  5655 | Bailey   | Entered a bailey
  5721 | Bailey   | Reached **** piety under Okawaru
  6177 | Bailey   | Noticed an orc knight
  6177 | Bailey   | Noticed an orc warlord
  6179 | Bailey   | Noticed an orc knight
  6240 | D:7      | Found a shimmering altar of Xom.
  6280 | D:7      | Reached XP level 10. HP: 44/68 MP: 10/10
  7403 | D:7      | Found a hazy altar of Hepliaklqana.
  7541 | D:8      | Noticed Joseph
  7580 | D:8      | Killed Joseph
  7580 | D:8      | Reached skill level 10 in Armour
  7612 | D:8      | Reached ***** piety under Okawaru
  8400 | D:8      | Noticed Maurice
  9340 | D:8      | Killed Maurice
  9488 | D:9      | Noticed a two-headed ogre
  9501 | D:9      | Killed a two-headed ogre
  9504 | D:9      | Received a gift from Okawaru
  9507 | D:9      | Got a pair of polished boots {god gift}
  9513 | D:9      | Identified the -3 pair of boots of the Vacuum {Regen+ Int+4 Dex+2} (Okawaru gifted it to you on level 9 of the Dungeon)
  9522 | D:9      | Noticed a gargoyle
  9534 | D:9      | Killed a gargoyle
  9649 | D:9      | Reached skill level 1 in Invocations
  9668 | D:9      | Reached skill level 1 in Evocations
  9673 | D:9      | Reached XP level 11. HP: 42/72 MP: 5/12
  9677 | D:9      | Noticed a two-headed ogre
  9752 | D:9      | Killed a two-headed ogre
 10038 | D:9      | Noticed Prince Ribbit
 10072 | D:9      | Killed Prince Ribbit
 10123 | D:9      | Found a staircase to the Orcish Mines.
 10275 | D:9      | Found a staircase to the Lair.
 10301 | Lair:1   | Entered Level 1 of the Lair of Beasts
 10301 | Lair:1   | Noticed an oklob plant
 11582 | Lair:1   | Killed an oklob plant
 11622 | Lair:1   | Reached skill level 5 in Invocations
 11915 | Lair:1   | Received a gift from Okawaru
 11915 | Lair:1   | Reached skill level 5 in Evocations
 12025 | Lair:1   | Noticed Gastronok
 12049 | Lair:1   | Killed Gastronok
 12049 | Lair:1   | Reached skill level 8 in Axes
 12106 | Lair:1   | Noticed Sonja
 12108 | Lair:1   | Killed Sonja
 12117 | Lair:1   | Noticed a six-headed hydra
 12227 | D:10     | Entered Level 10 of the Dungeon
 12329 | D:10     | Reached skill level 9 in Axes
 12404 | D:10     | Reached XP level 12. HP: 74/77 MP: 16/16
 12620 | D:10     | Noticed a two-headed ogre
 12646 | D:10     | Killed a two-headed ogre
 12737 | D:10     | Noticed Josephine
 12756 | D:10     | Killed Josephine
 12756 | D:10     | Received a gift from Okawaru
 12756 | D:10     | Reached skill level 10 in Axes
 12903 | D:10     | Noticed a two-headed ogre
 12914 | D:10     | Killed a two-headed ogre
 12922 | D:10     | Noticed a two-headed ogre
 12932 | D:10     | Killed a two-headed ogre
 12932 | D:10     | Reached skill level 11 in Axes
 13683 | D:11     | Reached skill level 12 in Axes
 14081 | D:12     | Noticed a two-headed ogre
 14094 | D:12     | Killed a two-headed ogre
 14193 | D:12     | Reached ****** piety under Okawaru
 14209 | D:12     | Reached XP level 13. HP: 71/82 MP: 15/17
 14247 | D:12     | Received a gift from Okawaru
 14283 | D:12     | Reached skill level 13 in Axes
 15377 | D:13     | Noticed a vault guard
 15391 | D:13     | Killed a vault guard
 15490 | D:13     | Found Qinnomom's Antique Armour Emporium.
 15547 | D:13     | Noticed Erolcha
 15566 | D:13     | Killed Erolcha
 15566 | D:13     | Reached skill level 14 in Axes
 15751 | D:13     | Received a gift from Okawaru
 15793 | D:13     | Found a gate to the Vaults.
 16198 | Lair:1   | Noticed Aalglatt's ghost (novice TrMo)
 16245 | Lair:1   | Killed Aalglatt's ghost
 16799 | Lair:2   | Reached skill level 15 in Axes
 16956 | Lair:2   | Found a staircase to the Shoals.
 17089 | Lair:2   | Received a gift from Okawaru
 17127 | Lair:2   | Gained mutation: Your large and strong wings let you fly indefinitely. [Gargoyle growth]
 17127 | Lair:2   | Reached XP level 14. HP: 66/88 MP: 14/18
 17898 | Lair:3   | Reached skill level 16 in Axes
 17950 | Lair:3   | Noticed Fannar
 17959 | Lair:3   | Killed Fannar
 18374 | Lair:4   | Found a staircase to the Snake Pit.
 18960 | Lair:5   | Received a gift from Okawaru
 19201 | Lair:5   | Noticed Snorg
 19210 | Lair:5   | Killed Snorg
 20160 | Lair:6   | Entered Level 6 of the Lair of Beasts
 20246 | Lair:6   | Found a staircase to the Slime Pits.
 20330 | Lair:6   | Found a dark tunnel.
 20371 | Volcano  | Entered a volcano
 20375 | Volcano  | Noticed stickyfingers's ghost (journeyman TrAE)
 20384 | Volcano  | Killed stickyfingers's ghost
 20397 | Volcano  | Reached skill level 17 in Axes
 20410 | Volcano  | Received a gift from Okawaru
 21184 | Lair:6   | Reached XP level 15. HP: 29/92 MP: 6/19
 21673 | Lair:6   | Reached skill level 18 in Axes
 22150 | Lair:6   | Received a gift from Okawaru
 23189 | D:14     | Found Vooxayl's Gadget Boutique.
 23199 | D:14     | Found Hochoph's Food Boutique.
 23842 | D:14     | Got a spiked scale mail
 23853 | D:14     | Identified the cursed +1 scale mail "Isapita" {rPois rN+} (You found it on level 14 of the Dungeon)
 23885 | D:14     | Noticed Rupert
 23911 | D:14     | Paralysed by Rupert for 2 turns
 23935 | D:14     | Killed Rupert
 24425 | D:14     | Received a gift from Okawaru
 24481 | D:14     | Found Foez's Armour Boutique.
 24525 | D:14     | Found Xunwum's Food Boutique.
 24534 | D:14     | Reached skill level 15 in Armour
 24796 | D:15     | Entered Level 15 of the Dungeon
 24853 | D:15     | Killed from afar by a meliai

Skill      XL: |  1  2  3  4  5  6  7  8  9 10 11 12 13 14 15 |
---------------+----------------------------------------------+-----
Axes           | 2 3 4 5 6 7 9 12 15 17 18 | 18.0
Fighting       | 6 9 10 | 10.0
Armour         | 9 12 15 | 15.3
Invocations    | 2 6 |  6.2
Evocations     | 2 5 |  5.0
Shields        | |  3.2

Action                   |  1- 3 |  4- 6 |  7- 9 | 10-12 | 13-15 || total
-------------------------+-------+-------+-------+-------+-------++-------
Melee: War axe           |    96 |   139 |   472 |   961 |     9 ||  1677
       Battleaxe         |       |       |       |       |  1226 ||  1226
Throw: Javelin           |       |     3 |       |       |     7 ||    10
Invok: Heroism           |       |       |     5 |     9 |    19 ||    33
       Finesse           |       |       |       |       |     2 ||     2
 Abil: Fly               |       |       |       |       |     1 ||     1
Evoke: Wand              |       |       |     3 |     3 |    29 ||    35
       Sack of spiders   |       |       |       |       |     1 ||     1
  Use: Potion            |       |     1 |     5 |     1 |    20 ||    27
       Scroll            |       |       |     8 |     9 |    13 ||    30
 Stab: Invisible         |       |       |       |       |     1 ||     1
  Eat: Chunk             |       |     6 |    13 |    23 |    30 ||    72
       Bread ration      |       |       |       |     1 |     1 ||     2
Armor: Scale mail        |    54 |    98 |       |       |       ||   152
       Chain mail        |       |       |   301 |   157 |   348 ||   806
       Plate armour      |       |       |       |   571 |   844 ||  1415
Dodge: Dodged            |    31 |    48 |   107 |   262 |   760 ||  1208
Block: Shield            |    42 |    77 |   222 |   427 |       ||   768
       Buckler           |       |       |       |    10 |       ||    10
